 Dungeon Crawl Stone Soup version 0.19.0-2-gae57169 (webtiles) character file.

991 HungrySpirit the Cleaver (level 7, -2/66 HPs)
             Began as a Minotaur Berserker on Nov 6, 2016.
             Was an Elder of Trog.
             Slain by an orc wizard
             ... wielding a +2 dagger of electrocution
              (14 damage)
             ... on level 4 of the Dungeon.
             The game lasted 00:04:24 (3180 turns).

HungrySpirit the Cleaver (Minotaur Berserker)       Turns: 3180, Time: 00:04:25

Health: -2/66      AC:  7    Str: 21    XL:     7   Next: 98%
Magic:  6/6        EV: 11    Int:  6    God:    Trog [****..]
Gold:   162        SH:  0    Dex: 10    Spells: 0 memorised, 6 levels left

rFire  . . .     SeeInvis .     p - +1 war axe
rCold  . . .     Gourm    .     f - +0 ring mail (curse)
rNeg   . . .     Faith    .     (no shield)
rPois  +         Spirit   .     (helmet restricted)
rElec  .         Reflect  .     g - +1 cloak
rCorr  .         Harm     .     (no gloves)
MR     .....                    (no boots)
Stlth  ..........               (no amulet)
                                (no ring)
                                n - ring of poison resistance (curse)

@: exhausted
A: retaliatory headbutt, horns 2
a: Berserk, Trog's Hand, Brothers in Arms, Burn Spellbooks, Renounce Religion


You were on level 4 of the Dungeon.
You worshipped Trog.
Trog was greatly pleased with you.
You were very hungry.

You visited 1 branch of the dungeon, and saw 4 of its levels.

You collected 162 gold pieces.

Inventory:

Hand Weapons
 p - a +1 war axe (weapon)
Armour
 f - a cursed +0 ring mail (worn)
 g - a +1 cloak (worn)
 j - a +0 shield
Jewellery
 n - a cursed ring of poison resistance (left hand)
Wands
 v - a wand of slowing (46/48)
Scrolls
 b - 4 scrolls of enchant weapon
 m - 2 scrolls of identify
 o - a scroll of amnesia
 r - a scroll of immolation {unknown}
 s - a scroll of fear {unknown}
 t - a scroll of magic mapping {unknown}
 w - a scroll of remove curse {unknown}
Potions
 e - a potion of haste {unknown}
 h - 2 potions of curing
 k - a potion of berserk rage {unknown}
 u - a potion of beneficial mutation {unknown}
 z - 2 potions of invisibility {unknown}
Comestibles
 c - 5 bread rations
 i - 2 meat rations
 l - 2 fruits
 x - a beef jerky


   Skills:
 + Level 7.3 Fighting
 * Level 9.7 Axes
 - Level 2.4 Armour
 - Level 2.1 Dodging


You had 6 spell levels left.
You didn't know any spells.

Dungeon Overview and Level Annotations

Branches:
Dungeon (4/15)
 Temple: D:4-7

Altars:


Innate Abilities, Weirdness & Mutations

You reflexively headbutt those who attack you in melee.
You have a pair of horns on your head.


Message History

The orc wizard mumbles some strange words.
The orc wizard blinks!
The orc warrior closely misses you.
The orc wizard gestures wildly while chanting.
The orc wizard blinks!
The orc wizard points at you and mumbles some strange words.
The magic dart hits you!
The orc wizard hits you but does no damage.
The orc wizard barely misses you. You furiously retaliate!
You headbutt the orc wizard.
The orc wizard points at you and mumbles some strange words.
The magic dart hits you!
* * * LOW HITPOINT WARNING * * *
The orc wizard hits you but does no damage.
You are electrocuted!
* * * LOW HITPOINT WARNING * * *
It was a potion of curing.
You feel better.
You feel yourself speed up.
The orc wizard hits you but does no damage.
You are electrocuted!
You die...

####### # #.##.# ......#
#.#....# ......#
#.#..### ......# #...).#
......# ###.o.#######
......# #.l........
......# ###.o#####.
......# ##o# ......#
#@## ...#### #..# ...#
###### #..## ...#
##....######..####
...###.....'..........##
...#.......#######.....#
...#.........### #.....#
####.............#.....#
#####.........##....#


You could see an orc warrior, an orc wizard, an orc and a frilled lizard.

Vanquished Creatures
  Sigmund (D:4)
  The ghost of equalderp2856 the Scratcher, an amateur FeFi (D:4)
  The ghost of HungrySpirit the Chopper, an amateur MiBe of the Shining One (D:3)
  An ogre (D:4)
  A centaur (D:3)
  Blork the orc (D:4)
  A bullfrog (D:4)
  An orc priest (D:3)
  A hound (D:3)
  2 orc wizards (D:3)
  A worker ant (D:4)
  A hound skeleton (D:4)
  8 adders
  An ooze (D:2)
  A worm (D:2)
  4 dart slugs
  A leopard gecko (D:1)
  11 orcs (D:3)
  6 giant cockroaches
  8 goblins
  8 hobgoblins
  7 jackals
  5 ball pythons
  11 bats
  4 frilled lizards
  10 kobolds
  A leopard gecko skeleton (D:4)
  5 rats
104 creatures vanquished.

Notes
Turn   | Place    | Note
-------+----------+-------------------------------------------
     0 | D:1      | HungrySpirit the Minotaur Berserker began the quest for the Orb.
     0 | D:1      | Reached XP level 1. HP: 19/19 MP: 0/0
   157 | D:1      | Reached skill level 4 in Axes
   186 | D:1      | Reached XP level 2. HP: 21/27 MP: 1/1
   689 | D:1      | Reached ** piety under Trog
   689 | D:1      | Reached XP level 3. HP: 33/33 MP: 2/2
  1072 | D:2      | Reached skill level 5 in Axes
  1221 | D:2      | Reached XP level 4. HP: 41/41 MP: 3/3
  1717 | D:3      | Noticed HungrySpirit's ghost (amateur MiBe)
  1723 | D:3      | Killed HungrySpirit's ghost
  1723 | D:3      | Reached skill level 5 in Fighting
  1723 | D:3      | Reached skill level 6 in Axes
  1723 | D:3      | Reached XP level 5. HP: 48/48 MP: 4/4
  1792 | D:3      | Noticed a centaur
  1803 | D:3      | Reached *** piety under Trog
  1808 | D:3      | Killed a centaur
  1808 | D:3      | Reached skill level 7 in Axes
  1808 | D:3      | Reached XP level 6. HP: 40/57 MP: 5/5
  2675 | D:4      | Noticed Blork the orc
  2681 | D:4      | Reached skill level 8 in Axes
  2688 | D:4      | Killed Blork the orc
  2688 | D:4      | Reached XP level 7. HP: 52/64 MP: 6/6
  2793 | D:4      | Noticed Sigmund
  2797 | D:4      | Noticed equalderp2856's ghost (amateur FeFi)
  2800 | D:4      | Killed Sigmund
  2802 | D:4      | Killed equalderp2856's ghost
  2802 | D:4      | Reached **** piety under Trog
  2802 | D:4      | Reached skill level 9 in Axes
  3179 | D:4      | HP: 1/66 [orc wizard/dagger of electrocution (17)]
  3180 | D:4      | Slain by an orc wizard

Skill      XL: |  1  2  3  4  5  6  7 |
---------------+----------------------+-----
Axes           | 4 5 6 7 8 9 |  9.7
Fighting       | 4 5 6 7 |  7.3
Armour         | |  2.4
Dodging        | |  2.1

Action                   |  1- 3 |  4- 6 |  7- 9 || total
-------------------------+-------+-------+-------++-------
Melee: Hand axe          |    81 |    85 |       ||   166
       Headbutt          |    10 |    24 |    11 ||    45
       War axe           |       |    52 |    29 ||    81
Invok: Berserk           |       |     2 |     2 ||     4
Evoke: Wand              |       |       |     1 ||     1
  Use: Potion            |       |       |     4 ||     4
       Scroll            |       |       |     3 ||     3
  Eat: Chunk             |     1 |     7 |     2 ||    10
Armor: Ring mail         |    37 |    59 |     6 ||   102
Dodge: Dodged            |    64 |    69 |    14 ||   147
